 Dungeon Crawl Stone Soup version 0.20.1-1-g8b1a95d66d (webtiles) character file.

7996 Burgietje the Cleaver (level 11, 0/94 HPs)
             Began as a Minotaur Fighter on Dec 30, 2017.
             Was a Priest of Okawaru.
             Slain by a two-headed ogre
             ... wielding a +0 giant club
              (7 damage)
             ... on level 10 of the Dungeon.
             The game lasted 00:13:36 (10435 turns).

Burgietje the Cleaver (Minotaur Fighter)           Turns: 10435, Time: 00:13:36

Health: 0/94       AC: 11    Str: 21    XL:     11   Next: 4%
Magic:  10/10      EV: 10    Int:  5    God:    Okawaru [***...]
Gold:   556        SH:  9    Dex: 13    Spells: 9/10 levels left

rFire    . . .     SeeInvis .   k - +2 hand axe (vamp)
rCold    . . .     Gourm    .   c - +0 shield
rNeg     . . .     Faith    +   l - +1 chain mail {MR+}
rPois    .         Spirit   .   (helmet restricted)
rElec    .         Reflect  .   s - +0 cloak
rCorr    .         Harm     .   (no gloves)
MR       +....                  (no boots)
Stlth    ..........             D - amulet of faith
Regen    0.3/turn               y - ring of flight
MPRegen  0.2/turn               (no ring)

@: drained
A: retaliatory headbutt, horns 2
a: Heroism, Renounce Religion, Evoke Flight


You were on level 10 of the Dungeon.
You worshipped Okawaru.
Okawaru was most pleased with you.
You were not hungry.

You visited 2 branches of the dungeon, and saw 11 of its levels.
You also visited: Sewer.

You collected 556 gold pieces.

Inventory:

Hand Weapons
 a - a +2 hand axe of distortion
 k - a +2 vampiric hand axe (weapon)
 m - a +1 mace of protection
Armour
 c - a +0 shield (worn)
 g - a +3 ring mail of poison resistance
 l - a +1 chain mail of magic resistance (worn)
 s - a +0 cloak (worn)
 C - a +0 ring mail of cold resistance
Jewellery
 b - an uncursed amulet of the gourmand
 y - a ring of flight (left hand)
 D - an amulet of faith (around neck)
 O - an uncursed ring of wizardry {unknown}
Wands
 E - a wand of polymorph (10/24)
 G - a wand of disintegration (10/24)
 K - a wand of confusion (13/48)
 L - a wand of flame (22/48)
 M - a wand of lightning (8/15)
Scrolls
 d - 2 scrolls of enchant weapon
 i - 4 scrolls of blinking
 j - 2 scrolls of noise
 p - 6 scrolls of remove curse
 t - 5 scrolls of teleportation
 v - 6 scrolls of identify
 x - a scroll of random uselessness
 F - a scroll of enchant armour
 P - a scroll of amnesia
Potions
 e - 2 potions of degeneration
 h - 5 potions of might
 n - 4 potions of curing
 q - 2 potions of flight
 r - 3 potions of mutation
 u - 2 potions of cancellation
 w - 4 potions of heal wounds
 z - 4 potions of resistance
 B - a potion of ambrosia
Books
 I - a book of Changes

   Spells                             Type                      Level
   a - Beastly Appendage              Transmutation                1
   b - Sticks to Snakes               Transmutation                2
   c - Spider Form                    Transmutation/Poison         3
   d - Ice Form                       Ice/Transmutation            4
   e - Blade Hands                    Transmutation                5
 J - a book of Power

   Spells                             Type                      Level
   a - Iskenderun's Battlesphere      Conjuration/Charms           5
   b - Venom Bolt                     Conjuration/Poison           5
   c - Bolt of Magma                  Conjuration/Fire/Earth       5
   d - Iron Shot                      Conjuration/Earth            6
   e - Orb of Destruction             Conjuration                  7
   f - Spellforged Servitor           Conjuration/Summoning        7
 N - a book of Geomancy

   Spells                             Type                      Level
   a - Sandblast                      Earth                        1
   b - Passwall                       Transmutation/Earth          2
   c - Stone Arrow                    Conjuration/Earth            3
   d - Petrify                        Transmutation/Earth          4
   e - Lee's Rapid Deconstruction     Earth                        5
 Q - a book of Minor Magic

   Spells                             Type                      Level
   a - Magic Dart                     Conjuration                  1
   b - Blink                          Translocation                2
   c - Call Imp                       Summoning                    2
   d - Slow                           Hexes                        2
   e - Conjure Flame                  Conjuration/Fire             3
   f - Mephitic Cloud                 Conjuration/Poison/Air       3
 S - a book of the Earth

   Spells                             Type                      Level
   a - Leda's Liquefaction            Hexes/Earth                  4
   b - Bolt of Magma                  Conjuration/Fire/Earth       5
   c - Statue Form                    Transmutation/Earth          6
   d - Iron Shot                      Conjuration/Earth            6
   e - Shatter                        Earth                        9
Comestibles
 f - 14 bread rations
 o - 9 royal jellies
 A - 6 meat rations
 H - 3 fruits
 R - 8 chunks of flesh


   Skills:
 - Level 8.1(7.8) Fighting
 + Level 14.0(13.7) Axes
 - Level 3.6(3.3) Armour
 + Level 11.2(10.9) Dodging
 - Level 3.6(3.3) Shields


You had 9 spell levels left.
You knew the following spells:

 Your Spells              Type           Power        Failure   Level  Hunger
a - Beastly Appendage     Tmut           #.....       100%        1    ##.....


Dungeon Overview and Level Annotations

Branches:
Dungeon (10/15)            Temple (1/1) D:6             Orc (0/2) D:10
   Lair: D:8-11

Altars:
Ashenzari
Cheibriados
Dithmenos
Elyvilon
Fedhas
Gozag
Hepliaklqana
Kikubaaqudgha
Makhleb
Nemelex Xobeh
Okawaru
Qazlal
Ru
Sif Muna
Trog
Uskayaw
Vehumet
Xom
Yredelemnul
Zin
The Shining One

Shops:
D:5 *


Innate Abilities, Weirdness & Mutations

You reflexively headbutt those who attack you in melee.
You have a pair of horns on your head.


Message History

The two-headed ogre is severely wounded.
The two-headed ogre hits you with a giant club!
* * * LOW HITPOINT WARNING * * *
You block the two-headed ogre's attack.
The phantom blinks!
Your shield and chain mail prevent you from hitting the two-headed ogre.
The two-headed ogre is severely wounded.
You hit the two-headed ogre but do no damage.
You headbutt the two-headed ogre.
The two-headed ogre is severely wounded.
The two-headed ogre hits you but does no damage.
The two-headed ogre hits you with a giant club.
* * * LOW HITPOINT WARNING * * *
You hit the two-headed ogre but do no damage.
The two-headed ogre is severely wounded.
You barely miss the two-headed ogre. You headbutt the two-headed ogre!
The two-headed ogre is almost dead.
The two-headed ogre hits you with a giant club!
* * * LOW HITPOINT WARNING * * *
The two-headed ogre hits you with a giant club!
You die...

....####....###.#
....'...........
....####....####
...## ##.....##
..## #.#.#..# ###
######.## ##
#.######.# .#
#.......## #..#
..###..##@#
##.... ##. #O# #
###.# #..###Z## #
# ##..ZZ$# #
#..#....# #
.Z......## #
##W..### # #..#.
# ..Z...


You could see a two-headed ogre, a hobgoblin zombie, an orc zombie and a troll
zombie.

Vanquished Creatures
  3 two-headed ogres (D:8)
  The ghost of Burgietje the Fighter, a novice MiFi (D:5)
  A gargoyle (D:10)
  The ghost of supermoro the Skirmisher, an amateur DsFi (D:4)
  A hippogriff (D:10)
  2 wyverns (D:8)
  Sigmund (D:3)
  A spriggan (D:7)
  Edmund (D:6)
  A water moccasin (D:8)
  An ice beast (D:7)
  4 orc warriors
  2 necrophages
  3 black bears
  An eye of draining (D:8)
  2 sky beasts
  4 ogres
  2 centaurs
  Blork the orc (D:5)
  3 bullfrogs
  A gnoll sergeant (D:6)
  2 scorpions
  A troll zombie (D:10)
  4 killer bees (D:10)
  5 wights (D:10)
  A bullfrog zombie (D:5)
  3 crimson imps
  2 hounds
  A centaur zombie (D:4)
  3 jellies
  14 orc priests
  11 orc wizards
  3 iguanas
  Jessica (D:2)
  Natasha (thrice) (D:2)
  4 worker ants
  3 ogre zombies (D:10)
  2 hound zombies
  A worker ant zombie (D:5)
  Robin (D:3)
  3 gnolls (D:6)
  11 adders
  A howler monkey skeleton (D:8)
  A shadow imp (D:8)
  An ooze (D:5)
  3 worms
  11 leopard geckos
  46 orcs
  8 giant cockroaches
  8 hobgoblins
  10 jackals
  6 quokkas
  5 ball pythons
  6 bats
  7 frilled lizards
  12 goblins
  3 hobgoblin skeletons (D:10)
  2 jackal skeletons
  3 kobolds (D:2)
  2 leopard gecko skeletons
  4 orc zombies (D:10)
  A quokka skeleton (D:9)
  4 rats
260 creatures vanquished.

Notes
Turn   | Place    | Note
-------+----------+-------------------------------------------
     0 | D:1      | Burgietje the Minotaur Fighter began the quest for the Orb.
     0 | D:1      | Reached XP level 1. HP: 19/19 MP: 0/0
   338 | D:1      | Reached XP level 2. HP: 27/27 MP: 1/1
   358 | D:1      | Reached skill level 3 in Axes
   592 | D:2      | Noticed Natasha
   598 | D:2      | Killed Natasha
   598 | D:2      | Reached XP level 3. HP: 34/34 MP: 2/2
   813 | D:2      | Noticed Natasha
   819 | D:2      | Killed Natasha
   819 | D:2      | Reached skill level 4 in Axes
   819 | D:2      | Reached XP level 4. HP: 31/41 MP: 3/3
   924 | D:2      | Reached skill level 5 in Fighting
   938 | D:2      | Noticed Jessica
   944 | D:2      | Killed Jessica
   976 | D:2      | Noticed Natasha
   982 | D:2      | Killed Natasha
  1094 | D:2      | Reached XP level 5. HP: 48/48 MP: 4/4
  1468 | D:3      | Noticed Sigmund
  1479 | D:3      | Killed Sigmund
  1479 | D:3      | Reached skill level 5 in Axes
  1479 | D:3      | Reached XP level 6. HP: 36/58 MP: 5/5
  1640 | D:3      | Noticed Robin
  1673 | D:3      | Killed Robin
  1975 | D:4      | Reached skill level 6 in Axes
  2374 | D:4      | Reached XP level 7. HP: 60/66 MP: 6/6
  2381 | D:4      | Noticed supermoro's ghost (amateur DsFi)
  2402 | D:4      | Killed supermoro's ghost
  2402 | D:4      | Reached skill level 7 in Axes
  2952 | D:5      | Entered Level 5 of the Dungeon
  2981 | D:5      | Reached skill level 1 in Dodging
  3106 | D:5      | Found a glowing drain.
  3118 | Sewer    | Entered a sewer
  3246 | Sewer    | Reached skill level 8 in Axes
  3327 | Sewer    | Reached XP level 8. HP: 71/74 MP: 7/7
  3571 | D:5      | Noticed Blork the orc
  3585 | D:5      | Killed Blork the orc
  3681 | D:5      | Found a deep blue altar of Sif Muna.
  3905 | D:5      | Found Judomp's Assorted Antiques.
  4003 | D:5      | Noticed Burgietje's ghost (novice MiFi)
  4015 | D:5      | Reached skill level 9 in Axes
  4030 | D:5      | HP: 1/74 [Burgietje's ghost (4)]
  4032 | D:5      | Killed Burgietje's ghost
  4032 | D:5      | Reached skill level 5 in Dodging
  4456 | D:5      | Reached skill level 10 in Axes
  4764 | D:6      | Noticed Edmund
  4779 | D:6      | Killed Edmund
  4779 | D:6      | Reached XP level 9. HP: 81/81 MP: 8/8
  5059 | D:6      | Found a staircase to the Ecumenical Temple.
  5065 | Temple   | Entered the Ecumenical Temple
  5302 | D:6      | Found a blossoming altar of Fedhas.
  6050 | D:6      | Reached skill level 11 in Axes
  6650 | D:7      | Found a shimmering altar of Xom.
  6895 | D:7      | Found an iron altar of Okawaru.
  6898 | D:7      | Became a worshipper of Warmaster Okawaru
  7110 | D:7      | Reached skill level 12 in Axes
  7347 | D:8      | Found a hazy altar of Hepliaklqana.
  7372 | D:8      | Reached XP level 10. HP: 76/88 MP: 9/9
  7655 | D:8      | Reached * piety under Okawaru
  7674 | D:8      | Noticed a two-headed ogre
  7687 | D:8      | Killed a two-headed ogre
  7873 | D:8      | Noticed a two-headed ogre
  7883 | D:8      | Killed a two-headed ogre
  7883 | D:8      | Reached ** piety under Okawaru
  7883 | D:8      | Reached skill level 13 in Axes
  7883 | D:8      | Reached skill level 10 in Dodging
  7987 | D:8      | Found a white marble altar of Elyvilon.
  7987 | D:8      | Found a radiant altar of Vehumet.
  7988 | D:8      | Found a stormy altar of Qazlal.
  8282 | D:8      | Noticed a two-headed ogre
  8297 | D:8      | Killed a two-headed ogre
  8628 | D:9      | Learned a level 1 spell: Beastly Appendage
  8822 | D:9      | Noticed a two-headed ogre
  9634 | D:10     | Entered Level 10 of the Dungeon
  9649 | D:10     | Noticed a gargoyle
  9664 | D:10     | Killed a gargoyle
  9664 | D:10     | Reached *** piety under Okawaru
 10172 | D:10     | Reached XP level 11. HP: 76/94 MP: 10/10
 10342 | D:10     | Reached skill level 14 in Axes
 10411 | D:10     | Found a staircase to the Orcish Mines.
 10411 | D:10     | Noticed a two-headed ogre
 10435 | D:10     | Slain by a two-headed ogre

Skill      XL: |  1  2  3  4  5  6  7  8  9 10 11 |
---------------+----------------------------------+-----
Axes           | 3 4 5 6 8 10 12 13 14 | 14.0
Fighting       | 4 5 6 7 8 |  8.1
Dodging        | 2 6 8 11 | 11.2
Armour         | |  3.6
Shields        | |  3.6

Action                   |  1- 3 |  4- 6 |  7- 9 | 10-12 || total
-------------------------+-------+-------+-------+-------++-------
Melee: War axe           |    44 |    79 |       |       ||   123
       Headbutt          |     7 |    17 |   101 |    79 ||   204
       Hand axe          |       |    36 |   455 |   285 ||   776
Invok: Heroism           |       |       |       |     2 ||     2
  Use: Potion            |       |     1 |       |       ||     1
       Scroll            |       |    12 |     7 |       ||    19
  Eat: Chunk             |       |     5 |    22 |    10 ||    37
       Bread ration      |       |     1 |       |       ||     1
Armor: Scale mail        |    21 |    34 |    10 |       ||    65
       Chain mail        |       |       |   125 |    54 ||   179
Dodge: Dodged            |    11 |    28 |    83 |    72 ||   194
Block: Shield            |    27 |    58 |   142 |   102 ||   329
